MLB
OAKLAND ATHLETICS @ MONTREAL EXPOS
09/17/2047
 
TOP OF THE 1ST
Oakland Athletics batting - Pitching for Montreal Expos : RHP Steve Barrett
Pitching: RHP Steve Barrett
Batting: SHB Moe Lester 0-0: Called Strike
0-1: Swinging Strike
0-2: Strikes out swinging
Batting: RHB Muneo Kawachi 0-0: Fly out, F8 (Flyball, 8LXD, EV 101.2 MPH)
Batting: LHB Joel Kunkler 0-0: Ball
1-0: Called Strike
1-1: Swinging Strike
1-2: Ball
2-2: Ball
3-2: Strikes out swinging
Top of the 1st over - 0 runs, 0 hits, 0 errors, 0 left on base; Oakland 0 - Montreal 0
BOTTOM OF THE 1ST
Montreal Expos batting - Pitching for Oakland Athletics : RHP Taek-gyun Kym
Pitching: RHP Taek-gyun Kym
Batting: RHB John Ham 0-0: Swinging Strike
0-1: Foul Ball, location: 2F
0-2: SINGLE (Groundball, 6D, EV 106.9 MPH)
Batting: LHB Bill McGregor 0-0: Ball
1-0: Ball
2-0: Ball
3-0: Called Strike
3-1: Foul Ball, location: 2F
3-2: Strikes out swinging
Batting: RHB Mike Salmon 0-0: Foul Ball, location: 2F
0-1: Swinging Strike
0-2: Strikes out swinging
Batting: LHB Austin Ohmer 0-0: Called Strike
John Ham steals 2nd base
0-1: Swinging Strike
0-2: Ball
1-2: Ball
2-2: Foul Ball, location: 2F
2-2: Ball
3-2: Foul Ball, location: 2F
3-2: Foul Ball, location: 2F
3-2: Strikes out swinging
Bottom of the 1st over - 0 runs, 1 hit, 0 errors, 1 left on base; Oakland 0 - Montreal 0
TOP OF THE 2ND
Oakland Athletics batting - Pitching for Montreal Expos : RHP Steve Barrett
Batting: LHB Sakae Kasahara 0-0: Foul Ball, location: 2F
0-1: Ball
1-1: Called Strike
1-2: Ball
2-2: Ground out 3-1 (Groundball, 13, EV 80.0 MPH)
Batting: SHB Quincy Bradford 0-0: Swinging Strike
0-1: Foul Ball, location: 2F
0-2: Strikes out swinging
Batting: RHB Jason May 0-0: Called Strike
0-1: Ball
1-1: Ball
2-1: Foul Ball, location: 2F
2-2: Ball
3-2: Foul Ball, location: 2F
3-2: Base on Balls
Batting: RHB Randy Shrewsbury 0-0: SINGLE (Line Drive, 7S, EV 106.9 MPH)
Jason May to second
Runner from 2nd tries for 3rd, SAFE, throw by LF made to third
Batting: LHB Al Hernandez 0-0: Ball
1-0: Called Strike
1-1: Swinging Strike
1-2: Strikes out swinging
Top of the 2nd over - 0 runs, 1 hit, 0 errors, 2 left on base; Oakland 0 - Montreal 0
BOTTOM OF THE 2ND
Montreal Expos batting - Pitching for Oakland Athletics : RHP Taek-gyun Kym
Batting: RHB Steve French 0-0: Swinging Strike
0-1: Foul Ball, location: 2F
0-2: Foul Ball, location: 2F
0-2: Ball
1-2: Ball
2-2: TRIPLE (Line Drive, 78XD, EV 97.5 MPH)
Batting: LHB Steve Anderson 0-0: Ball
1-0: Ball
2-0: Ground out 6-3 (Groundball, 56, EV 91.9 MPH)
Steve French scores
Batting: RHB Hugo Bautista 0-0: Called Strike
0-1: SOLO HOME RUN (Flyball, 7D, EV 97.5 MPH), Distance : 367 ft
Batting: RHB Eugênio Asceno 0-0: Ball
1-0: Ball
2-0: Called Strike
2-1: Reached on error, E7 (Flyball, 78M, EV 78.8 MPH)
Batting: RHB Robby Juarez 0-0: Foul Ball, location: 2F
0-1: SINGLE (Groundball, 34D, EV 111.9 MPH)
Eugênio Asceno to second
Runner from 2nd tries for 3rd, SAFE, throw by RF made to third
Batting: RHB John Ham 0-0: Called Strike
0-1: Ball
Robby Juarez steals 2nd, throwing error, E2
Eugênio Asceno scores
Robby Juarez to third
1-1: Swinging Strike
1-2: Strikes out swinging
Batting: LHB Bill McGregor 0-0: SINGLE (Line Drive, 8LS, EV 99.4 MPH)
Robby Juarez scores
Batting: RHB Mike Salmon 0-0: Ball
1-0: Foul Ball, location: 2F
1-1: Ball
2-1: Fielders Choice at 2nd, 6-4 (Groundball, 6, EV 86.2 MPH)
Bottom of the 2nd over - 4 runs, 4 hits, 2 errors, 1 left on base; Oakland 0 - Montreal 4
TOP OF THE 3RD
Oakland Athletics batting - Pitching for Montreal Expos : RHP Steve Barrett
Batting: RHB Edwin Madrid 0-0: Called Strike
0-1: Called Strike
0-2: Foul Ball, location: 2F
0-2: Strikes out swinging
Batting: SHB Moe Lester 0-0: Ball
1-0: Ball
2-0: Foul Ball, location: 2F
2-1: Fly out, F4 (Popup, 4, EV 52.5 MPH)
Batting: RHB Muneo Kawachi 0-0: Ground out 5-3 (Groundball, 5S, EV 90.6 MPH)
Top of the 3rd over - 0 runs, 0 hits, 0 errors, 0 left on base; Oakland 0 - Montreal 4
BOTTOM OF THE 3RD
Montreal Expos batting - Pitching for Oakland Athletics : RHP Taek-gyun Kym
Batting: LHB Austin Ohmer 0-0: Swinging Strike
0-1: Fly out, F8 (Flyball, 8LD, EV 100.6 MPH)
Batting: RHB Steve French 0-0: Called Strike
0-1: Called Strike
0-2: Foul Ball, location: 2F
0-2: Fly out, F4 (Popup, 34, EV 65.0 MPH)
Batting: LHB Steve Anderson 0-0: Ball
1-0: Ball
2-0: Swinging Strike
2-1: Foul Ball, location: 3F, Error on foul ball, E3
2-2: Ground out 4-3 (Groundball, 4, EV 101.9 MPH)
Bottom of the 3rd over - 0 runs, 0 hits, 1 error, 0 left on base; Oakland 0 - Montreal 4
TOP OF THE 4TH
Oakland Athletics batting - Pitching for Montreal Expos : RHP Steve Barrett
Batting: LHB Joel Kunkler 0-0: Ball
1-0: Ball
2-0: Foul Ball, location: 2F
2-1: Swinging Strike
2-2: SINGLE (Groundball, 34D, EV 102.5 MPH)
Batting: LHB Sakae Kasahara 0-0: Foul Ball, location: 2F
0-1: Swinging Strike
0-2: Ball
1-2: Fly out, F7 (Flyball, 7, EV 83.1 MPH)
Batting: SHB Quincy Bradford 0-0: Ball
1-0: Ball
2-0: SINGLE (Line Drive, 34D, EV 98.1 MPH)
Joel Kunkler to second
Runner from 2nd tries for 3rd, SAFE, throw by RF made to third
Batting: RHB Jason May 0-0: Called Strike
0-1: Called Strike
0-2: Strikes out swinging
Batting: RHB Randy Shrewsbury 0-0: Foul Ball, location: 2F
0-1: Ball
1-1: Called Strike
Quincy Bradford steals 2nd base
1-2: Strikes out swinging
Top of the 4th over - 0 runs, 2 hits, 0 errors, 2 left on base; Oakland 0 - Montreal 4
BOTTOM OF THE 4TH
Montreal Expos batting - Pitching for Oakland Athletics : RHP Taek-gyun Kym
Batting: RHB Hugo Bautista 0-0: Fly out, F8 (Flyball, 8LS, EV 83.8 MPH)
Batting: RHB Eugênio Asceno 0-0: Ball
1-0: Ground out 5-3 (Groundball, 5, EV 84.4 MPH)
Batting: RHB Robby Juarez 0-0: Ground out 5-3 (Groundball, 56S, EV 68.1 MPH)
Bottom of the 4th over - 0 runs, 0 hits, 0 errors, 0 left on base; Oakland 0 - Montreal 4
TOP OF THE 5TH
Oakland Athletics batting - Pitching for Montreal Expos : RHP Steve Barrett
Batting: LHB Al Hernandez 0-0: Called Strike
0-1: SINGLE (Popup, 4D, EV 63.1 MPH)
Batting: RHB Edwin Madrid 0-0: Foul Ball, location: 2F
0-1: Called Strike
0-2: Ball
1-2: Ball
2-2: Ball
3-2: Grounds into double play, 3-6-3 (Groundball, 34, EV 83.1 MPH)
Batting: SHB Moe Lester 0-0: Ball
1-0: Ball
2-0: Ground out 6-3 (Groundball, 4M, EV 87.5 MPH)
Top of the 5th over - 0 runs, 1 hit, 0 errors, 0 left on base; Oakland 0 - Montreal 4
BOTTOM OF THE 5TH
Montreal Expos batting - Pitching for Oakland Athletics : RHP Taek-gyun Kym
Batting: RHB John Ham 0-0: SINGLE (Line Drive, 6MD, EV 109.4 MPH)
Batting: LHB Bill McGregor 0-0: Ball
1-0: Fly out, F4 (Popup, 4, EV 49.4 MPH)
Batting: RHB Mike Salmon 0-0: Foul Ball, location: 2F
0-1: Fly out, F3 (Line Drive, 3L, EV 68.8 MPH)
Batting: LHB Austin Ohmer 0-0: Ball
1-0: Foul Ball, location: 2F
1-1: Foul Ball, location: 2F
1-2: DOUBLE (Flyball, 8LXD, EV 88.8 MPH)
John Ham to third
Runner from 3rd tries for Home, SAFE, no throw by CF
Pitching: LHP Katsumi Takaki
Batting: RHB Steve French 0-0: Called Strike
0-1: Ball
1-1: Called Strike
1-2: Ball
2-2: Foul Ball, location: 2F
2-2: Foul Ball, location: 2F
2-2: Foul Ball, location: 2F
2-2: Strikes out swinging
Bottom of the 5th over - 1 run, 2 hits, 0 errors, 1 left on base; Oakland 0 - Montreal 5
TOP OF THE 6TH
Oakland Athletics batting - Pitching for Montreal Expos : RHP Steve Barrett
Batting: RHB Muneo Kawachi 0-0: Ball
1-0: Ball
2-0: Ball
3-0: SINGLE (Groundball, 56D, EV 100.0 MPH)
Batting: LHB Joel Kunkler 0-0: Ball
1-0: Ball
Muneo Kawachi steals 2nd base
2-0: Called Strike
2-1: Foul Ball, location: 2F
2-2: DOUBLE (Line Drive, 7LS, EV 106.2 MPH)
Muneo Kawachi scores
Batting: LHB Sakae Kasahara 0-0: 2-RUN HOME RUN (Flyball, 9D, EV 94.4 MPH), Distance : 356 ft
Batting: SHB Quincy Bradford 0-0: Swinging Strike
0-1: Fly out, F4 (Popup, 34D, EV 55.0 MPH)
Batting: RHB Jason May 0-0: Called Strike
0-1: Ground out 6-3 (Groundball, 6S, EV 68.8 MPH)
Batting: RHB Randy Shrewsbury 0-0: Ball
1-0: Fly out, F8 (Line Drive, 8LD, EV 105.6 MPH)
Top of the 6th over - 3 runs, 3 hits, 0 errors, 0 left on base; Oakland 3 - Montreal 5
BOTTOM OF THE 6TH
Montreal Expos batting - Pitching for Oakland Athletics : LHP Katsumi Takaki
Batting: LHB Steve Anderson 0-0: Called Strike
0-1: SINGLE (Line Drive, 34D, EV 96.9 MPH)
Batting: RHB Hugo Bautista 0-0: Ball
1-0: Foul Ball, location: 2F
1-1: Ball
2-1: Ball
3-1: Called Strike
3-2: Fly out, F8 (Line Drive, 8LD, EV 93.8 MPH)
Batting: RHB Eugênio Asceno 0-0: Ball
1-0: Ball
2-0: Called Strike
2-1: Foul Ball, location: 2F
2-2: Ball
3-2: Strikes out swinging
Batting: RHB Robby Juarez 0-0: Ball
1-0: Ball
2-0: Called Strike
2-1: Foul Ball, location: 2F
2-2: Fly out, F7 (Flyball, 78S, EV 82.5 MPH)
Bottom of the 6th over - 0 runs, 1 hit, 0 errors, 1 left on base; Oakland 3 - Montreal 5
TOP OF THE 7TH
Oakland Athletics batting - Pitching for Montreal Expos : RHP Steve Barrett
Batting: LHB Al Hernandez 0-0: Ball
1-0: Ball
2-0: Foul Ball, location: 2F
2-1: Ground out 4-3 (Groundball, 4, EV 86.9 MPH)
Batting: RHB Edwin Madrid 0-0: Ball
1-0: Swinging Strike
1-1: Ball
2-1: Ball
3-1: DOUBLE (Flyball, 8LXD, EV 110.0 MPH)
Batting: SHB Moe Lester 0-0: Ball
1-0: Ball
2-0: DOUBLE (Flyball, 8RXD, EV 107.5 MPH)
Edwin Madrid scores
Batting: RHB Muneo Kawachi 0-0: Ball
1-0: Called Strike
1-1: Ground out 6-3 (Groundball, 6, EV 101.9 MPH)
Batting: LHB Joel Kunkler 0-0: SINGLE (Groundball, 34D, EV 96.2 MPH)
Moe Lester to third
Runner from 3rd tries for Home, throw by RF and OUT! 9-2
Top of the 7th over - 1 run, 3 hits, 0 errors, 1 left on base; Oakland 4 - Montreal 5
BOTTOM OF THE 7TH
Montreal Expos batting - Pitching for Oakland Athletics : LHP Katsumi Takaki
Pitching: LHP Bobby Carroll
Batting: RHB John Ham 0-0: Ball
1-0: Called Strike
1-1: Ball
2-1: Foul Ball, location: 2F
2-2: Foul Ball, location: 2F
2-2: Ball
3-2: Base on Balls
Batting: LHB Bill McGregor 0-0: Ball
1-0: Sac Bunt to 5S - play at first, batter OUT! 5-3
John Ham to second
Batting: RHB Mike Salmon 0-0: Swinging Strike
0-1: Foul Ball, location: 2F
0-2: Ball
1-2: SINGLE (Groundball, 6D, EV 95.0 MPH)
John Ham to third
Runner from 3rd tries for Home, throw by CF and OUT! 8-2
Mike Salmon to second
Batting: LHB Austin Ohmer 0-0: Fly out, F7 (Flyball, 7D, EV 100.6 MPH)
Bottom of the 7th over - 0 runs, 1 hit, 0 errors, 1 left on base; Oakland 4 - Montreal 5
TOP OF THE 8TH
Oakland Athletics batting - Pitching for Montreal Expos : RHP Steve Barrett
Batting: LHB Sakae Kasahara 0-0: Ball
1-0: Foul Ball, location: 2F
1-1: Ball
2-1: Swinging Strike
2-2: Strikes out swinging
Pitching: RHP Joel Montenegro
Batting: SHB Quincy Bradford 0-0: Called Strike
0-1: Foul Ball, location: 2F
0-2: Foul Ball, location: 2F
0-2: Ball
1-2: Ground out 6-3 (Groundball, 6S, EV 65.6 MPH)
Batting: RHB Jason May 0-0: Ball
1-0: Foul Ball, location: 2F
1-1: SOLO HOME RUN (Flyball, 7D, EV 103.8 MPH), Distance : 401 ft
Batting: RHB Randy Shrewsbury 0-0: Ball
1-0: Ball
2-0: Called Strike
2-1: Called Strike
2-2: Foul Ball, location: 2F
2-2: Foul Ball, location: 2F
2-2: Strikes out swinging
Top of the 8th over - 1 run, 1 hit, 0 errors, 0 left on base; Oakland 5 - Montreal 5
BOTTOM OF THE 8TH
Montreal Expos batting - Pitching for Oakland Athletics : LHP Bobby Carroll
Pitching: RHP Mike Pedigo
Batting: RHB Steve French 0-0: Ball
1-0: Ball
2-0: Ball
3-0: Called Strike
3-1: Base on Balls
Batting: LHB Steve Anderson 0-0: Foul Ball, location: 2F
0-1: Ball
1-1: Sac Bunt to 2R - play at first, batter OUT! 2-3
Steve French to second
Batting: RHB Hugo Bautista 0-0: Called Strike
0-1: Foul Ball, location: 2F
0-2: Ball
1-2: Ball
2-2: Ground out 6-3 (Groundball, 6, EV 105.6 MPH)
Batting: RHB Eugênio Asceno 0-0: Swinging Strike
0-1: Swinging Strike
0-2: Strikes out swinging
Bottom of the 8th over - 0 runs, 0 hits, 0 errors, 1 left on base; Oakland 5 - Montreal 5
TOP OF THE 9TH
Oakland Athletics batting - Pitching for Montreal Expos : RHP Joel Montenegro
Batting: LHB Al Hernandez 0-0: Fly out, F9 (Flyball, 89S, EV 71.9 MPH)
Batting: RHB Edwin Madrid 0-0: SOLO HOME RUN (Flyball, 7D, EV 101.2 MPH), Distance : 378 ft
Batting: SHB Moe Lester 0-0: Ball
1-0: Swinging Strike
1-1: Foul Ball, location: 2F
1-2: SINGLE (Line Drive, 4MD, EV 96.9 MPH)
Batting: RHB Muneo Kawachi 0-0: Swinging Strike
0-1: Called Strike
0-2: Ball
1-2: Ball
2-2: Ball
3-2: 2-RUN HOME RUN (Flyball, 78XD, EV 109.4 MPH), Distance : 396 ft
Pitching: LHP Anass Rhammar
Batting: LHB Joel Kunkler 0-0: DOUBLE (Flyball, 89D, EV 93.1 MPH)
Batting: LHB Sakae Kasahara 0-0: Called Strike
0-1: 2-RUN HOME RUN (Flyball, 89XD, EV 106.9 MPH), Distance : 412 ft
Batting: SHB Quincy Bradford 0-0: Called Strike
0-1: Swinging Strike
0-2: Ball
1-2: Ball
2-2: Foul Ball, location: 2F
2-2: Ball
3-2: Ground out 6-3 (Groundball, 6, EV 80.0 MPH)
Batting: RHB Jason May 0-0: Called Strike
0-1: Foul Ball, location: 2F
0-2: Ball
1-2: Strikes out swinging
Top of the 9th over - 5 runs, 5 hits, 0 errors, 0 left on base; Oakland 10 - Montreal 5
BOTTOM OF THE 9TH
Montreal Expos batting - Pitching for Oakland Athletics : RHP Mike Pedigo
Batting: RHB Robby Juarez 0-0: Ball
1-0: Ball
2-0: Ball
3-0: Base on Balls
Batting: RHB John Ham 0-0: Called Strike
0-1: SINGLE (Groundball, 5S, EV 72.5 MPH) (infield hit)
Robby Juarez to second
Batting: LHB Bill McGregor 0-0: Called Strike
0-1: Called Strike
0-2: Strikes out swinging
Batting: RHB Mike Salmon 0-0: Called Strike
0-1: Foul Ball, location: 2F
0-2: Ball
1-2: Grounds into double play, U3-6 (Groundball, 3L, EV 79.4 MPH)
Bottom of the 9th over - 0 runs, 1 hit, 0 errors, 1 left on base; Oakland 10 - Montreal 5
Thursday, December 15th , 2022 - OOTP Baseball 23.9 Build 102